 Dungeon Crawl Stone Soup version 0.29-a0-330-g52719c12eb (webtiles) character file.

Game seed: 12699731428945903894

94 Anon1729 the Skirmisher (level 4, 0/35 HPs)
             Began as a Mummy Monk on May 15, 2022.
             Slain by Ijyb
             ... wielding a +0 club
              (4 damage)
             ... on level 2 of the Dungeon.
             The game lasted 00:02:36 (2770 turns).

Anon1729 the Skirmisher (Mummy Monk)                Turns: 2770, Time: 00:02:37

Health: 0/35       AC:  3    Str: 14    XL:     4   Next: 38%
Magic:  6/6        EV: 12    Int: 11    God:
Gold:   60         SH:  0    Dex: 14    Spells: 6/6 levels left

rFire   x . .      SeeInvis .   h - +2 dagger (venom)
rCold   + . .      Faith    .   (no shield)
rNeg    + + +      Spirit   .   b - +0 robe
rPois   ∞          Reflect  .   (no helmet)
rElec   .          Harm     .   (no cloak)
rCorr   .          Rampage  .   (no gloves)
Will    .....                   g - +0 pair of boots
Stlth   ++........              (no amulet)
HPRegen 0.11/turn               (no ring)
MPRegen 0.10/turn               (no ring)

@: no status effects
A: cold resistance 1, negative energy resistance 3, torment resistance 2, heat
vulnerability 1, in touch with death 1, no potions
a: no special abilities


You were on level 2 of the Dungeon.
You visited 1 branch of the dungeon, and saw 3 of its levels.

You collected 60 gold pieces.

Inventory:

Hand Weapons
 a - a +0 short sword
 e - a +1 dagger of draining
 h - a +2 dagger of venom (weapon)
 m - a +2 vampiric whip
Missiles
 j - 5 poisoned darts (quivered)
Armour
 b - a +0 robe (worn)
 g - a +0 pair of boots (worn)
Scrolls
 c - a scroll of enchant armour {unknown}
 d - a scroll of vulnerability {unknown}
 f - a scroll of enchant weapon {unknown}
 i - a scroll of blinking {unknown}
 k - a scroll of identify {unknown}
 l - a scroll of fear {unknown}


   Skills:
 + Level 3.4 Fighting
 + Level 2.8 Short Blades
 + Level 2.8 Dodging
 + Level 2.2 Stealth
 + Level 1.7 Spellcasting
 + Level 0.5 Hexes
 + Level 0.8 Necromancy


You had 6 spell levels left.
You didn't know any spells.
Your spell library contained the following spells:

 Spells                   Type           Power      Damage    Failure   Level
 Slow                     Hex            8%         N/A       24%         1
 Vampiric Draining        Necr           4%         2d6       54%         3
 Confusing Touch          Hex            2%         N/A       58%         3
 Conjure Ball Lightning   Conj/Air       0%         3x3d6     100%        6
 Discord                  Hex            1%         N/A       100%        8
 Disjunction              Tloc           0%         N/A       100%        8


Dungeon Overview and Level Annotations

Branches:
Dungeon (3/15)

Altars:
Uskayaw

Annotations:
D:2 Ijyb


Innate Abilities, Weirdness & Mutations

You are immune to poison.
Your flesh is cold resistant. (rC+)
You are immune to negative energy. (rN+++)
You are immune to unholy pain and torment.
You are vulnerable to heat. (rF-)
You are in touch with the powers of death.
You do not drink.


Message History

The now-empty wand crumbles to dust.
You hit Ijyb but do no damage.
Ijyb looks as sick as possible!
Ijyb is moderately wounded.
Ijyb hits you with a +0 club.
* * * LOW HITPOINT WARNING * * *
Okay, then.
You can't drink.
Your +2 dagger of venom stops dripping with poison.
You sense an unholy aura.
e - a +1 dagger of draining (weapon)
You closely miss Ijyb.
Ijyb is moderately wounded.
Ijyb barely misses you.
You hit Ijyb but do no damage.
Ijyb is moderately wounded.
Ijyb misses you.
You hit Ijyb but do no damage. You drain Ijyb.
Ijyb is heavily wounded.
Ijyb hits you but does no damage.
You closely miss Ijyb.
Ijyb is heavily wounded.
Ijyb barely misses you.
You completely miss Ijyb.
Ijyb is heavily wounded.
Ijyb hits you with a +0 club.
* * * LOW HITPOINT WARNING * * *
You hit Ijyb.
Ijyb is heavily wounded.
Ijyb attacks as you move away! Ijyb hits you with a +0 club.
* * * LOW HITPOINT WARNING * * *
Your +2 dagger of venom begins to drip with poison!
h - a +2 dagger of venom (weapon)
Ijyb barely misses you.
You barely miss Ijyb.
Ijyb is heavily wounded.
Ijyb barely misses you.
You hit Ijyb but do no damage.
Ijyb looks as sick as possible!
Ijyb is heavily wounded.
Ijyb hits you with a +0 club.
You die...

#........# #.######.#
############.........
##.#.#.#.#.....###...#
#..........###.#.#...#
##.......### #.#......
#.........# #.#.#...#
##..)....## #.#<.....
#....@g...# #.#<..#..
###.......## #.#......
#..........# #.#...#..
#.#.#.#.#)## #.....#.#
#.###.###.#########.#.#
#...................#..
#######################
#...... #.#####


You could see Ijyb (extremely poisoned, very drained).

Vanquished Creatures
  4 adders
  A worm (D:2)
  A dart slug (D:1)
  An orc (D:2)
  2 bats (D:1)
  4 endoplasms
  2 giant cockroaches
  5 hobgoblins
  2 quokkas (D:2)
  5 ball pythons
  3 frilled lizards
  8 goblins
  6 kobolds
  7 rats
51 creatures vanquished.

Notes
Turn   | Place    | Note
-------+----------+-------------------------------------------
     0 | D:1      | Anon1729 the Mummy Monk began the quest for the Orb.
     0 | D:1      | Reached XP level 1. HP: 18/18 MP: 1/1
   222 | D:1      | Reached XP level 2. HP: 8/24 MP: 2/2
   651 | D:1      | Reached skill level 1 in Spellcasting
  1156 | D:2      | Gained mutation: You are in touch with the powers of death.
                  | [Mummy growth]
  1156 | D:2      | Reached XP level 3. HP: 29/29 MP: 4/4
  1599 | D:2      | Found a hide-covered altar of Uskayaw.
  2293 | D:2      | Reached XP level 4. HP: 19/35 MP: 6/6
  2729 | D:3      | Noticed Ijyb
  2742 | D:3      | Paralysed by Ijyb for 7 turns
  2770 | D:2      | Slain by Ijyb

Illustrated notes

Levels and vault maps discovered:
D:1:      dpeg_arrival_central, layout_basic, st_stairs_8
D:2:      mumra_celtic_spiral_tile, layout_basic, basic_altar, st_stairs_4
D:3:      layout_rooms, old_standard_altar, nicolae_vehumet_altar_sigil,
          nicolae_ecumenical_snake_handling, portal_sewer_entry_e, uniq_robin,
          uniq_ijyb, uniq_jessica

Skill      XL: |  1  2  3 |
---------------+----------+-----
Spellcasting   | 1 |  1.7
Stealth        | 2 |  2.2
Fighting       | |  3.4
Short Blades   | |  2.8
Dodging        | |  2.8
Hexes          | |  0.5
Necromancy     | |  0.8

Action                   |  1- 3 |  4- 6 || total
-------------------------+-------+-------++-------
Melee: Short sword       |    33 |       ||    33
       Punch             |     1 |       ||     1
       Dagger            |    78 |    42 ||   120
 Stab: Sleeping          |     4 |       ||     4
Armor: Robe              |    15 |     4 ||    19
Dodge: Dodged            |    49 |    16 ||    65

Table legend: (Time is in decaauts)
 A = Elapsed time spent in this place.
 B = Non-inter-level travel time spent in this place.
 C = Inter-level travel time spent in this place.
 D = Time resting spent in this place.
 E = Time spent auto-exploring this place.
 F = Levels seen in this place.
 G = Mean time per level.
                   A        B        C        D        E       F      G
               +--------+--------+--------+--------+--------+-----+--------+
         Total |   2750 |   2718 |     32 |    426 |   1937 |   3 |  916.7 |
       Dungeon |   2750 |   2718 |     32 |    426 |   1937 |   3 |  916.7 |
               +--------+--------+--------+--------+--------+-----+--------+

Top non-repeatable levels by time:
     D:2: 1615 daAuts
     D:1: 1112 daAuts
     D:3: 22 daAuts
